 Dungeon Crawl Stone Soup version 0.31-a0-175-g9f7f995f2b (webtiles) character file.

Game seed: 17794539647329927223

12 innerfire43 the Magician (level 2, 0/19 HPs)
             Began as a Barachi Wanderer on June 16, 2023.
             Slain by a ball python (1 damage)
             ... on level 1 of the Dungeon.
             The game lasted 00:01:23 (197 turns).

innerfire43 the Magician (Barachi Wanderer)          Turns: 197, Time: 00:01:23

Health: 0/19       AC:  3    Str: 13    XL:     2   Next: 33%
Magic:  5/6        EV: 11    Int: 12    God:
Gold:   16         SH:  0    Dex: 11    Spells: 7/8 levels left

rFire   . . .        a - +0 short sword
rCold   . . .        (no shield)
rNeg    . . .        d - +0 leather armour
rPois   .            (no helmet)
rElec   .            (no cloak)
rCorr   .            (no gloves)
SInv    .            (no boots)
Will    .....        (no amulet)
Stlth   +            (no ring)
HPRegen 0.23/turn    (no ring)
MPRegen 0.10/turn

%: no passive effects
@: slow
A: amphibious, slowness 1, strong legs 1, +LOS
a: Hop


You were on level 1 of the Dungeon.
You visited 1 branch of the dungeon, and saw 1 of its levels.

You collected 16 gold pieces.

Inventory:

Hand Weapons
 a - a +0 short sword (weapon)
Armour
 d - a +0 leather armour (worn)
Jewellery
 e - an amulet of guardian spirit
Wands
 b - a wand of flame (5) (quivered)
Scrolls
 c - a scroll of teleportation
 f - a scroll of identify {unknown}
Potions
 g - a potion of lignification {unknown}


   Skills:
 * Level 3.5 Short Blades
 * Level 1.5 Armour
 * Level 3.7 Spellcasting
 - Level 2.1 Evocations


You had 7 spell levels left.
You knew the following spells:

 Your Spells              Type           Power      Damage    Failure   Level
a - Summon Small Mammal   Summ           8%         N/A       28%         1

Your spell library contained the following spells:

 Spells                   Type           Power      Damage    Failure   Level
 Kiss of Death            Conj/Necr      8%         2d6       28%         1
 Cigotuvi's Dreadful Rot  Necr/Pois/Air  4%         N/A       41%         2
 Wereblood                Tmut           2%         N/A       41%         2


Dungeon Overview and Level Annotations

Branches:
Dungeon (1/15)

Altars:


Innate Abilities, Weirdness & Mutations

You are amphibious.
You cover ground slowly.
You can hop short distances.
You have an extended range of vision and can be seen from far away.


Message History

The hobgoblin hits you.
You barely miss the hobgoblin. The hobgoblin hits you.
You hit the hobgoblin.
The hobgoblin is moderately wounded.
You hit the hobgoblin but do no damage.
The hobgoblin is moderately wounded.
The hobgoblin closely misses you.
You hit the hobgoblin but do no damage.
The hobgoblin is moderately wounded.
The hobgoblin misses you. The ball python barely misses you.
The ball python grabs you. The ball python constricts you.
You closely miss the ball python.
The ball python bites you but does no damage.
The ball python constricts you. The hobgoblin hits you.
You are too injured to fight recklessly!
You closely miss the hobgoblin.
The hobgoblin is moderately wounded.
The ball python bites you but does no damage.
The ball python constricts you. The hobgoblin hits you.
* * * LOW HITPOINT WARNING * * *
You hit the hobgoblin.
You kill the hobgoblin!
The ball python closely misses you. The ball python constricts you.
* * * LOW HITPOINT WARNING * * *
Casting: Summon Small Mammal (safe; 28% risk of failure)
Confirm with . or Enter, or press ? or * to list all spells.
The ball python bites you but does no damage.
The ball python constricts you.
* * * LOW HITPOINT WARNING * * *
The ball python's grasp on you weakens, but your attempt to escape fails.
The ball python bites you.
* * * LOW HITPOINT WARNING * * *
The ball python constricts you. The ball python barely misses you.
The ball python constricts you.
* * * LOW HITPOINT WARNING * * *
You escape the ball python's grasp.
Your rat bites the ball python.
Your rat bites the ball python.
The ball python attacks as you move away!
The ball python bites you.
You die...

######## #......#
#.####.############# #
#.#................. #..
#...#######.........
##...###..###.###.####.##.
#.....†.rS@....##.#
##........###.###.#
.......##.## #.# #.#
.....#.#...###.###.## .###
...........)...#
##.#...###.###..# #.##.##
#.###..# ## . #.#
#..##..###...## # #.#
##.##..........


You could see a ball python (ally target) and a friendly rat (summoned).

Vanquished Creatures
  2 endoplasms (D:1)
  A hobgoblin (D:1)
  A kobold (D:1)
  3 quokkas (D:1)
  2 bats (D:1)
9 creatures vanquished.

Vanquished Creatures (collateral kills)
  A rat (D:1)
1 creature vanquished.

Grand Total: 10 creatures vanquished

Notes
Turn   | Place    | Note
-------+----------+-------------------------------------------
     0 | D:1      | innerfire43 the Barachi Wanderer began the quest for the
                  | Orb.
     0 | D:1      | innerfire43 set off with the following items: a +0 short
                  | sword, a wand of flame (5), a scroll of teleportation, a +0
                  | leather armour; and the following spells available to
                  | memorise: Kiss of Death, Summon Small Mammal, Cigotuvi's
                  | Dreadful Rot, Wereblood.
     0 | D:1      | Reached XP level 1. HP: 13/13 MP: 4/4
    80 | D:1      | Learned a level 1 spell: Summon Small Mammal
   112 | D:1      | Reached XP level 2. HP: 13/19 MP: 3/6
   197 | D:1      | Slain by a ball python

Illustrated notes

Levels and vault maps discovered:
D:1:      sevenhm_arrival_forest_fort_small_5, layout_loops_ring,
          chequers_serial_rivers_room_a, hangedman_glass_teeth

Action                     || total
---------------------------++-------
  Melee: Short sword       ||    50
         Punch             ||     1
   Cast: Summon Small Mamm ||     3
 Armour: Leather armour    ||    24
  Dodge: Dodged            ||    49

Table legend: (Time is in decaauts)
 A = Elapsed time spent in this place.
 B = Non-inter-level travel time spent in this place.
 C = Inter-level travel time spent in this place.
 D = Time resting spent in this place.
 E = Time spent auto-exploring this place.
 F = Levels seen in this place.
 G = Mean time per level.
                   A        B        C        D        E       F      G
               +--------+--------+--------+--------+--------+-----+--------+
         Total |    208 |    208 |      0 |      0 |    119 |   1 |  208.0 |
       Dungeon |    208 |    208 |      0 |      0 |    119 |   1 |  208.0 |
               +--------+--------+--------+--------+--------+-----+--------+

Top non-repeatable levels by time:
     D:1: 208 daAuts
